 Dungeon Crawl Stone Soup version 5.7-8-g3a8b389 (webtiles) character file.

4048 Sir the Transmogrifier (level 11, 0/77 HPs)
             Began as a Red Draconian Transmuter on Sept 2, 2018.
             Was an Elder of Vehumet.
             Slain by a blink frog (14 damage)
             ... on level 11 of the Dungeon.
             The game lasted 00:20:00 (7482 turns).

Sir the Transmogrifier (Red Draconian Transmuter)   Turns: 7482, Time: 00:20:00

Health: 0/77       AC: 14 (0%)Str: 13   XL:     11   Next: 47%
Magic:  4/11       EV: 12    Int: 17    God:    Vehumet [4*[105]]
Gold:   681        SH:  0    Dex:  6    Spells: 0/19 levels left

rFire    + . .     SeeInvis .     - Unarmed
rCold    . . .     Faith    .   (shield currently unavailable)
rNeg     . . .     Spirit   .   (armour unavailable)
rPois    .         Reflect  .   (helmet restricted)
rElec    .                      j - +0 cloak
rCorr    .                      (gloves currently unavailable)
MR       .....                  (no boots)
Stlth    +.........             d - amulet of regeneration
Regen    0.7/turn               b - +3 ring of slaying
MPRegen  0.4/turn               u - +6 ring of protection

@: confused, blade hands, very slightly contaminated
A: breathe fire, unfitting armour, clumsy, fire resistance 1, low mp 1,
cold-blooded, AC +7
a: Breathe Fire, End Transformation, Renounce Religion


You were on level 11 of the Dungeon.
You worshipped Vehumet.
Vehumet was greatly pleased with you.
You were not hungry.
You had blades for hands.
You visited 1 branch of the dungeon, and saw 11 of its levels.

You collected 681 gold pieces.

Inventory:

Missiles
 l - 52 tomahawks (quivered)
 p - 82 poisoned darts
Armour
 j - a +0 cloak (worn)
 F - a +2 pair of gloves
Jewellery
 b - a +3 ring of slaying (left scythe-like blade)
 d - an amulet of regeneration (around neck)
 u - a +6 ring of protection (right scythe-like blade)
 w - an uncursed ring of ice
 y - a +3 amulet of reflection
 D - an uncursed ring of wizardry
Wands
 i - a wand of iceblast (6)
 q - a wand of disintegration (6)
 r - a wand of slimification (5)
 s - a wand of lightning (8)
 t - a wand of scattershot (1)
 A - a wand of confusion (12)
 B - a wand of enslavement (3)
 C - a wand of flame (9)
Scrolls
 a - 4 scrolls of amnesia
 c - 6 scrolls of enchant weapon
 e - 7 scrolls of teleportation
 f - 7 scrolls of blinking
 h - 4 scrolls of fog
 n - 2 scrolls of enchant armour
 E - a scroll of fear
Potions
 g - 3 potions of lignification
 k - a potion of ambrosia
 m - 2 potions of augmentation
 o - a potion of heal wounds
 v - 2 potions of magic
 x - a potion of resistance
 z - 2 potions of cancellation


   Skills:
 - Level 1.1 Fighting
 - Level 1.7 Dodging
 - Level 5.1 Stealth
 + Level 9.0 Unarmed Combat
 + Level 6.3 Charms
 + Level 10.1 Transmutations
 - Level 7.4 Fire Magic
 * Level 7.5 Air Magic


You couldn't memorise any spells.
You knew the following spells:

 Your Spells              Type           Power        Failure   Level  Hunger
a - Beastly Appendage     Tmut           34 (50)      1%          1    N/A
b - Bolt of Fire          Fire           25 (200)     38%         6    N/A
c - Blade Hands           Tmut           34 (200)     11%         5    N/A
d - Conjure Flame         Fire/Air       25 (100)     1%          3    N/A
e - Mephitic Cloud        Hex/Air        12 (100)     13%         4    N/A

Your spell library contained the following spells:

 Spells                   Type           Power        Failure   Level  Hunger
 Olgreb's Toxic Radiance  Hex            0 (100)      82%         5    N/A
 Ozocubu's Refrigeration  Ice            0 (200)      100%        7    N/A
 Summon Demon             Summ           0 (200)      100%        5    N/A
 Recall                   Summ/Tloc      N/A          56%         3    N/A
 Spider Form              Tmut           34 (200)     1%          3    N/A
 Ice Form                 Ice/Tmut       17 (100)     30%         4    N/A
 Deflect Missiles         Chrm/Air       23 (200)     91%         6    N/A
 Airstrike                Air            25 (200)     3%          4    N/A
 Shadow Creatures         Summ           N/A          100%        6    N/A
 Passwall                 Tmut/Erth      17 (200)     4%          2    N/A
 Silence                  Hex/Air        12 (200)     45%         4    N/A
 Conjure Ball Lightning   Air            25 (200)     89%         7    N/A
 Orb of Destruction       Erth           0 (200)      100%        7    N/A
 Tornado                  Air            25 (200)     100%        9    N/A
 Leda's Liquefaction      Hex/Erth       0 (200)      93%         4    N/A
 Summon Hydra             Summ           0 (200)      100%        7    N/A
 Aura of Abjuration       Summ           0 (200)      100%        5    N/A
 Iskenderun's Battlesphe  Chrm/Summ      10 (100)     41%         5    N/A
 Fulminant Prism          Air            25 (200)     9%          5    N/A
 Dazzling Spray           Hex/Fire       12 (50)      4%          3    N/A
 Force Lance              Tloc/Erth      0 (100)      17%         3    N/A
 Summon Forest            Summ/Tloc      0 (200)      100%        5    N/A
 Summon Lightning Spire   Summ/Air       12 (100)     45%         4    N/A
 Spellforged Servitor     Summ           0 (200)      100%        7    N/A
 Summon Mana Viper        Hex/Summ       0 (100)      100%        5    N/A
 Hydra Form               Tmut           34 (200)     50%         6    N/A

Dungeon Overview and Level Annotations

Branches:
Dungeon (11/15)

Altars:
Cheibriados
Dithmenos
Elyvilon
Gozag
Jiyva
Kikubaaqudgha
Lugonu
Makhleb
Nemelex Xobeh
Okawaru
Qazlal
Ru
Sif Muna
Trog
Uskayaw
Vehumet
Wu Jian
Xom
Yredelemnul
Zin
The Shining One


Innate Abilities, Weirdness & Mutations

You can breathe blasts of fire.
Your fiery red scales are hard. (AC +7)
Your body does not fit into most forms of armour.
Your flesh is heat resistant. (rF+)
You are cold-blooded and may be slowed by cold attacks.
You are clumsy. (Dex -5)
Your magical capacity is low. (-10% MP)


Message History

Unknown command.
The blink frog blinks!
Found 9 gold pieces.
Casting: Bolt of Fire (very dangerous; 38% risk of failure)
Confirm with . or Enter, or press ? or * to list all spells.
Aiming: Mephitic Cloud (safe; 13% risk of failure)
Press: ? - help, Shift-Dir - straight line, p - blink frog That beam is likely to hit you.
Continue anyway?
The ball explodes into a vile cloud!
The stinking cloud engulfs the blink frog (0).
The blink frog is moderately wounded.
The stinking cloud engulfs you!
The stinking cloud engulfs the blink frog (0).
The blink frog is lightly wounded.
You are engulfed in noxious fumes (2).
You choke on the stench!
You are confused.
* * * LOW HITPOINT WARNING * * *
You hear an angry hiss.
The blink frog blinks!
The blink frog hits you (14)!
You die...

####.....###
#.>..........
##...........
##.....#.#####
##........#
#########......########
##..[..§................
.#....F.§....#.##........
$......F@§.....##..).....
...######..##...?........
##...............
######..........
##......... #.........
##........ #........
#.......).


You could see 2 blink frogs.

Vanquished Creatures
  Erolcha (D:9)
  3 two-headed ogres
  Pikel (D:5)
  An ugly thing (D:11)
  A deep elf mage (D:11)
  A gargoyle (D:11)
  2 trolls (D:10)
  Prince Ribbit (D:5)
  A blink frog (D:11)
  3 yaks (D:8)
  2 wyverns
  Eustachio (D:5)
  2 wraiths
  2 spiny frog zombies
  Duvessa (D:4)
  2 water moccasins
  4 phantoms
  2 slaves (D:5)
  3 ice beasts
  A black bear (D:9)
  2 orc warriors
  3 ogres
  A spiny frog skeleton (D:7)
  A blink frog zombie (D:10)
  3 centaurs
  Blork the orc (D:5)
  A rime drake skeleton (D:10)
  A bullfrog (D:9)
  2 gnoll sergeants
  A water moccasin zombie (D:5)
  Dowan (D:4)
  3 scorpions
  8 wights (D:8)
  3 electric eels
  A howler monkey (D:4)
  3 quasits
  5 jellies
  2 gnoll shamans (D:5)
  3 centaur zombies
  5 orc priests
  6 hounds
  5 centaur skeletons
  An orc wizard (D:8)
  8 worker ants
  A killer bee zombie (D:9)
  3 iguanas
  A hound skeleton (D:5)
  15 gnolls
  7 adders
  A shadow imp (D:8)
  An ooze (D:4)
  An adder skeleton (D:4)
  2 dart slugs
  21 orcs
  7 quokkas
  7 bats
  4 giant cockroaches
  5 goblins
  7 hobgoblins
  8 jackals (D:5)
  7 kobolds
  A ball python (D:1)
  4 frilled lizards
  3 rats
  A spectral orc (D:2)
212 creatures vanquished.

Vanquished Creatures (others)
  A human (D:7)
  A plant (D:9)
2 creatures vanquished.

Grand Total: 214 creatures vanquished

Notes
Turn   | Place    | Note
-------+----------+-------------------------------------------
     0 | D:1      | Sir the Draconian Transmuter began the quest for the Orb.
     0 | D:1      | Reached XP level 1. HP: 16/16 MP: 2/2
   239 | D:1      | Reached XP level 2. HP: 23/23 MP: 2/2
   380 | D:1      | Reached skill level 1 in Stealth
   730 | D:2      | Found an ornate altar of the Wu Jian Council.
   735 | D:2      | Reached XP level 3. HP: 26/28 MP: 4/4
   742 | D:2      | Learned a level 3 spell: Spider Form
   931 | D:2      | Found a bloodstained altar of Trog.
   973 | D:2      | Found a radiant altar of Vehumet.
  1018 | D:2      | Found a faded altar of an unknown god.
  1045 | D:2      | Became a worshipper of Vehumet
  1205 | D:2      | Found an opulent altar of Gozag.
  1224 | D:2      | Reached XP level 4. HP: 35/35 MP: 3/3
  1308 | D:2      | Found a basalt altar of Yredelemnul.
  1506 | D:3      | Reached skill level 4 in Transmutations
  1558 | D:3      | Noticed a hand axe
  1559 | D:3      | Found a hide-covered altar of Uskayaw.
  1559 | D:3      | Noticed a hand axe
  1597 | D:3      | Reached XP level 5. HP: 40/40 MP: 4/4
  1919 | D:3      | Found a sparkling altar of Nemelex Xobeh.
  1919 | D:3      | Found a snail-covered altar of Cheibriados.
  2072 | D:4      | Noticed an ogre
  2085 | D:4      | Killed an ogre
  2085 | D:4      | Reached skill level 5 in Unarmed Combat
  2085 | D:4      | Reached XP level 6. HP: 30/47 MP: 6/6
  2137 | D:4      | Reached skill level 5 in Transmutations
  2142 | D:4      | Reached * piety under Vehumet
  2142 | D:4      | Offered knowledge of Force Lance by Vehumet.
  2225 | D:4      | Found a burning altar of Makhleb.
  2337 | D:4      | Found an ancient bone altar of Kikubaaqudgha.
  2449 | D:4      | Noticed Dowan
  2452 | D:4      | Noticed Duvessa
  2499 | D:4      | Killed Dowan
  2499 | D:4      | Your scales start taking on a fiery red colour.
  2499 | D:4      | Reached XP level 7. HP: 45/52 MP: 9/9
  2499 | D:4      | Gained mutation: Your flesh is heat resistant. (rF+) [Red Draconian growth]
  2669 | D:4      | Killed Duvessa
  2669 | D:4      | Reached skill level 1 in Fire Magic
  2799 | D:4      | Found an iron altar of Okawaru.
  2881 | D:4      | Found a sacrificial altar of Ru.
  2883 | D:4      | Found a glowing golden altar of the Shining One.
  2888 | D:4      | Found a glowing silver altar of Zin.
  2994 | D:4      | Gained mutation: You are clumsy. (Dex -5) [mutagenic hatch]
  2994 | D:5      | Entered Level 5 of the Dungeon
  3035 | D:5      | Reached skill level 6 in Transmutations
  3109 | D:5      | Noticed Eustachio
  3149 | D:5      | Killed Eustachio
  3149 | D:5      | Reached XP level 8. HP: 30/59 MP: 10/10
  3217 | D:5      | Learned a level 5 spell: Blade Hands
  3346 | D:5      | Offered knowledge of Conjure Flame by Vehumet.
  3363 | D:5      | Reached ** piety under Vehumet
  3540 | D:5      | Found a shimmering altar of Xom.
  3752 | D:5      | Noticed Prince Ribbit
  3764 | D:5      | Killed Prince Ribbit
  3764 | D:5      | Reached skill level 7 in Transmutations
  3772 | D:5      | Noticed Pikel
  3811 | D:5      | Killed Pikel
  3811 | D:5      | Reached skill level 5 in Fire Magic
  3874 | D:5      | Reached XP level 9. HP: 64/64 MP: 5/5
  3881 | D:5      | Learned a level 3 spell: Conjure Flame
  3905 | D:5      | Noticed Blork the orc
  3912 | D:5      | Killed Blork the orc
  4139 | D:5      | Found a deep blue altar of Sif Muna.
  4155 | D:5      | Reached skill level 5 in Stealth
  4525 | D:6      | Reached skill level 8 in Transmutations
  4537 | D:6      | Found a corrupted altar of Lugonu.
  5002 | D:6      | Found a deep blue altar of Sif Muna.
  5038 | D:6      | Gained mutation: Your magical capacity is low. (-10% MP) [mutagenic hatch]
  5102 | D:7      | Found an ancient bone altar of Kikubaaqudgha.
  5162 | D:7      | Reached skill level 1 in Charms
  5268 | D:7      | Found a stormy altar of Qazlal.
  5269 | D:7      | Found a shadowy altar of Dithmenos.
  5316 | D:7      | Found a white marble altar of Elyvilon.
  5385 | D:7      | Found a viscous altar of Jiyva.
  5659 | D:8      | Offered knowledge of Mephitic Cloud by Vehumet.
  5698 | D:8      | Learned a level 4 spell: Mephitic Cloud
  5722 | D:8      | Noticed a two-headed ogre
  5728 | D:8      | Killed a two-headed ogre
  5728 | D:8      | Reached XP level 10. HP: 54/71 MP: 8/8
  5778 | D:8      | Reached *** piety under Vehumet
  5778 | D:8      | Reached skill level 9 in Transmutations
  5933 | D:8      | Noticed a two-headed ogre
  5982 | D:8      | Killed a two-headed ogre
  6189 | D:8      | Reached skill level 5 in Charms
  6393 | D:9      | Noticed Erolcha
  6399 | D:9      | Killed Erolcha
  6399 | D:9      | Reached skill level 5 in Air Magic
  6441 | D:9      | Offered knowledge of Dazzling Spray by Vehumet.
  6560 | D:9      | Noticed a two-headed ogre
  6565 | D:9      | Killed a two-headed ogre
  6577 | D:9      | Reached XP level 11. HP: 71/77 MP: 11/11
  6890 | D:9      | Learned a level 6 spell: Bolt of Fire
  6891 | D:10     | Entered Level 10 of the Dungeon
  6966 | D:10     | Reached **** piety under Vehumet
  7337 | D:11     | Noticed a red ugly thing
  7351 | D:11     | Killed a red ugly thing
  7351 | D:11     | Reached skill level 10 in Transmutations
  7452 | D:11     | Noticed a deep elf mage
  7460 | D:11     | Killed a deep elf mage
  7482 | D:11     | Slain by a blink frog

Skill      XL: |  1  2  3  4  5  6  7  8  9 10 11 |
---------------+----------------------------------+-----
Stealth        | 1 2 3 4 5 |  5.1
Unarmed Combat | 4 5 6 7 8 9 |  9.0
Transmutations | 4 5 6 7 8 9 10 | 10.1
Fire Magic     | 3 5 7 |  7.4
Charms         | 4 5 6 |  6.3
Air Magic      | 2 5 7 |  7.5
Fighting       | |  1.1
Dodging        | |  1.7

Action                   |  1- 3 |  4- 6 |  7- 9 | 10-12 || total
-------------------------+-------+-------+-------+-------++-------
Melee: Unarmed           |    81 |    85 |   223 |   177 ||   566
       Kick              |     9 |       |       |       ||     9
       Punch             |     1 |       |     2 |     3 ||     6
       Tailslap          |     3 |       |     6 |    10 ||    19
 Cast: Beastly Appendage |     8 |       |       |       ||     8
       Spider Form       |     1 |       |     3 |       ||     4
       Blade Hands       |       |       |     1 |       ||     1
       Mephitic Cloud    |       |       |       |     2 ||     2
       Bolt of Fire      |       |       |       |     1 ||     1
 Abil: End Transformatio |     8 |       |     3 |       ||    11
       Breathe Fire      |       |       |     3 |     4 ||     7
  Use: Scroll            |       |       |       |     1 ||     1
 Stab: Sleeping          |     7 |     4 |     7 |     7 ||    25
Armor: Skin              |    18 |     1 |    41 |    58 ||   118
Dodge: Dodged            |    43 |    58 |   185 |    79 ||   365
